MAA
SALEM MISFITS @ SAN BERNARDINO GRASSHOPPERS
05/09/2019
 
TOP OF THE 1ST
Salem Misfits batting - Pitching for San Bernardino Grasshoppers : RHP Anthony Hanover
Pitching: RHP Anthony Hanover
Batting: SHB Alonso Márquez 0-0: Ball
1-0: Fly out, F5 (Line Drive, 56)
Batting: RHB Will Robinson 0-0: Ball
1-0: Foul Ball, location: 2F
1-1: Foul Ball, location: 2F
1-2: Ball
2-2: Foul Ball, location: 2F
2-2: Foul Ball, location: 2F
2-2: Ball
3-2: Foul Ball, location: 2F
3-2: Foul Ball, location: 2F
3-2: Fly out, F8 (Flyball, 8LM)
Batting: LHB Iván Flores 0-0: Swinging Strike
0-1: Ball
1-1: Fly out, F7 (Flyball, 7M)
Top of the 1st over - 0 run(s), 0 hit(s), 0 error(s), 0 left on base; Salem 0 - San Bernardino 0
BOTTOM OF THE 1ST
San Bernardino Grasshoppers batting - Pitching for Salem Misfits : RHP Robert Neal
Pitching: RHP Robert Neal
Batting: RHB Manny Carbajal 0-0: Foul Ball, location: 2F
0-1: Called Strike
0-2: Ground out 1-3 (Groundball, 13S)
Batting: RHB Iván Miranda 0-0: Called Strike
0-1: Ball
1-1: Ball
2-1: Foul Ball, location: 2F
2-2: Ball
3-2: Strikes out looking
Batting: LHB Luis Costello 0-0: Reached on Error, E7 (Flyball, 7LM)
Batting: RHB Reggie Kahn 0-0: Ball
1-0: Called Strike
1-1: Called Strike
1-2: Ball
2-2: Ground out 4-3 (Groundball, 4)
Bottom of the 1st over - 0 run(s), 0 hit(s), 1 error(s), 1 left on base; Salem 0 - San Bernardino 0
TOP OF THE 2ND
Salem Misfits batting - Pitching for San Bernardino Grasshoppers : RHP Anthony Hanover
Batting: LHB Júlio Valentín 0-0: Ball
1-0: Ball
2-0: Ball
3-0: Base on Balls
Batting: LHB Chris Thurman 0-0: Ball
1-0: Called Strike
1-1: Foul Ball, location: 2F
1-2: Strikes out swinging
Batting: RHB Jong-duk Kim 0-0: Called Strike
0-1: Grounds into double play, 5-4-3 (Groundball, 5)
Top of the 2nd over - 0 run(s), 0 hit(s), 0 error(s), 0 left on base; Salem 0 - San Bernardino 0
BOTTOM OF THE 2ND
San Bernardino Grasshoppers batting - Pitching for Salem Misfits : RHP Robert Neal
Batting: RHB Shawn Hicks 0-0: Called Strike
0-1: Ball
1-1: Called Strike
1-2: Ball
2-2: Strikes out swinging, 2-3 out at first.
Batting: RHB Justin Roberts 0-0: Ball
1-0: Ball
2-0: Ball
3-0: Called Strike
3-1: Called Strike
3-2: Ground out 4-3 (Groundball, 4)
Batting: LHB Davis Mills 0-0: Called Strike
0-1: Foul Ball, location: 2F
0-2: Strikes out swinging
Bottom of the 2nd over - 0 run(s), 0 hit(s), 0 error(s), 0 left on base; Salem 0 - San Bernardino 0
TOP OF THE 3RD
Salem Misfits batting - Pitching for San Bernardino Grasshoppers : RHP Anthony Hanover
Batting: SHB Emílio Gonzáles 0-0: Ball
1-0: Ground out 1-3 (Groundball, 13)
Batting: RHB John Townsend 0-0: Foul Ball, location: 2F
0-1: Foul Ball, location: 2F
0-2: Strikes out swinging
Batting: SHB Arturo Romero 0-0: Ball
1-0: Ball
2-0: TRIPLE (Line Drive, 89M)
Batting: SHB Alonso Márquez 0-0: Called Strike
0-1: Ball
1-1: Swinging Strike
1-2: Ball
2-2: Fly out, F9 (Flyball, 89S)
Top of the 3rd over - 0 run(s), 1 hit(s), 0 error(s), 1 left on base; Salem 0 - San Bernardino 0
BOTTOM OF THE 3RD
San Bernardino Grasshoppers batting - Pitching for Salem Misfits : RHP Robert Neal
Batting: LHB Jesús Reyes 0-0: Called Strike
0-1: Bunt missed!
0-2: Ground out 6-3 (Groundball, 6D)
Batting: RHB Alfonso López 0-0: Foul Ball, location: 2F
0-1: Foul Ball, location: 2F
0-2: Strikes out swinging
Batting: RHB Manny Carbajal 0-0: Called Strike
0-1: Ball
1-1: Fly out, F8 (Flyball, 8RS)
Bottom of the 3rd over - 0 run(s), 0 hit(s), 0 error(s), 0 left on base; Salem 0 - San Bernardino 0
TOP OF THE 4TH
Salem Misfits batting - Pitching for San Bernardino Grasshoppers : RHP Anthony Hanover
Batting: RHB Will Robinson 0-0: Foul Ball, location: 2F
0-1: Ball
1-1: Ball
2-1: Swinging Strike
2-2: Ground out 4-3 (Groundball, 4M)
Batting: LHB Iván Flores 0-0: Ball
1-0: Ground out 4-3 (Groundball, 4)
Batting: LHB Júlio Valentín 0-0: Fly out, F7 (Flyball, 7M)
Top of the 4th over - 0 run(s), 0 hit(s), 0 error(s), 0 left on base; Salem 0 - San Bernardino 0
BOTTOM OF THE 4TH
San Bernardino Grasshoppers batting - Pitching for Salem Misfits : RHP Robert Neal
Batting: RHB Iván Miranda 0-0: Called Strike
0-1: Called Strike
0-2: Strikes out swinging
Batting: LHB Luis Costello 0-0: Ball
1-0: Foul Ball, location: 2F
1-1: Foul Ball, location: 2F
1-2: Foul Ball, location: 2F
1-2: Foul Ball, location: 2F
1-2: Foul Ball, location: 2F
1-2: Ball
2-2: Ball
3-2: Base on Balls
Batting: RHB Reggie Kahn 0-0: Ball
1-0: SINGLE (Line Drive, 6M)
Luis Costello to second
Batting: RHB Shawn Hicks 0-0: Called Strike
0-1: Called Strike
0-2: Ball
1-2: Foul Ball, location: 2F
1-2: Strikes out swinging
Batting: RHB Justin Roberts 0-0: Reached on Error, E5 (Popup, 15)
Luis Costello to third
Reggie Kahn to second
Batting: LHB Davis Mills 0-0: Ball
1-0: Foul Ball, location: 2F
1-1: Fly out, F9 (Flyball, 89M)
Bottom of the 4th over - 0 run(s), 1 hit(s), 1 error(s), 3 left on base; Salem 0 - San Bernardino 0
TOP OF THE 5TH
Salem Misfits batting - Pitching for San Bernardino Grasshoppers : RHP Anthony Hanover
Batting: LHB Chris Thurman 0-0: Ball
1-0: Called Strike
1-1: Ball
2-1: Fly out, F6 (Line Drive, 6M)
Batting: RHB Jong-duk Kim 0-0: Ball
1-0: Ball
2-0: Ball
3-0: Called Strike
3-1: Foul Ball, location: 2F
3-2: Strikes out swinging
Batting: SHB Emílio Gonzáles 0-0: Called Strike
0-1: Ball
1-1: Ball
2-1: Foul Ball, location: 2F
2-2: Ground out 4-3 (Groundball, 4)
Top of the 5th over - 0 run(s), 0 hit(s), 0 error(s), 0 left on base; Salem 0 - San Bernardino 0
BOTTOM OF THE 5TH
San Bernardino Grasshoppers batting - Pitching for Salem Misfits : RHP Robert Neal
Batting: LHB Jesús Reyes 0-0: Ground out 4-3 (Groundball, 4)
Batting: RHB Alfonso López 0-0: Ball
1-0: Ball
2-0: Swinging Strike
2-1: Ball
3-1: SINGLE (Line Drive, 78S)
Batting: RHB Manny Carbajal 0-0: Ball
Alfonso López is caught stealing 2nd base
1-0: Ball
2-0: Ball
3-0: Base on Balls
Batting: RHB Iván Miranda 0-0: Ball
1-0: Called Strike
1-1: Ball
2-1: Swinging Strike
2-2: Foul Ball, location: 2F
2-2: Strikes out looking
Bottom of the 5th over - 0 run(s), 1 hit(s), 0 error(s), 1 left on base; Salem 0 - San Bernardino 0
TOP OF THE 6TH
Salem Misfits batting - Pitching for San Bernardino Grasshoppers : RHP Anthony Hanover
Batting: RHB John Townsend 0-0: Fly out, F8 (Flyball, 8LM)
Batting: SHB Arturo Romero 0-0: Ball
1-0: Foul Ball, location: 2F
1-1: Ground out 3-1 (Groundball, 34)
Batting: SHB Alonso Márquez 0-0: Ball
1-0: Called Strike
1-1: Ground out 1-3 (Groundball, 13S)
Top of the 6th over - 0 run(s), 0 hit(s), 0 error(s), 0 left on base; Salem 0 - San Bernardino 0
BOTTOM OF THE 6TH
San Bernardino Grasshoppers batting - Pitching for Salem Misfits : RHP Robert Neal
Batting: LHB Luis Costello 0-0: Ball
1-0: Ball
2-0: Called Strike
2-1: Ball
3-1: Ground out 4-3 (Groundball, 4)
Batting: RHB Reggie Kahn 0-0: Called Strike
0-1: Ball
1-1: Fly out, F5 (Line Drive, 5S)
Batting: RHB Shawn Hicks 0-0: Swinging Strike
0-1: Called Strike
0-2: Strikes out swinging
Bottom of the 6th over - 0 run(s), 0 hit(s), 0 error(s), 0 left on base; Salem 0 - San Bernardino 0
TOP OF THE 7TH
Salem Misfits batting - Pitching for San Bernardino Grasshoppers : RHP Anthony Hanover
Pinch Hitting: RHB Arlen King 0-0: Ball
1-0: Fly out, F8 (Flyball, 8RM)
Batting: LHB Iván Flores 0-0: Ball
1-0: Fly out, F6 (Popup, 6D)
Batting: LHB Júlio Valentín 0-0: Called Strike
0-1: Foul Ball, location: 2F
0-2: Ground out 3-1 (Groundball, 34)
Top of the 7th over - 0 run(s), 0 hit(s), 0 error(s), 0 left on base; Salem 0 - San Bernardino 0
BOTTOM OF THE 7TH
San Bernardino Grasshoppers batting - Pitching for Salem Misfits : RHP Robert Neal
Now in RF: Arlen King
Batting: RHB Justin Roberts 0-0: Swinging Strike
0-1: Swinging Strike
0-2: Ball
1-2: Foul Ball, location: 2F
1-2: Strikes out swinging
Batting: LHB Davis Mills 0-0: Foul Ball, location: 2F
0-1: SINGLE (Groundball, 34S)
Pinch Hitting: RHB Jim Unknown 0-0: Called Strike
0-1: Ball
1-1: Grounds into double play, 6-4-3 (Groundball, 6M)
Bottom of the 7th over - 0 run(s), 1 hit(s), 0 error(s), 0 left on base; Salem 0 - San Bernardino 0
TOP OF THE 8TH
Salem Misfits batting - Pitching for San Bernardino Grasshoppers : RHP Anthony Hanover
Now in CF: Jim Unknown
Pinch Hitting: LHB Jay Carlson 0-0: Ground out 4-3 (Groundball, 4M)
Pinch Hitting: RHB José Casarreal 0-0: Called Strike
0-1: Ball
1-1: Fly out, F7 (Flyball, 7LM)
Pinch Hitting: SHB Joe Werner 0-0: Ground out 6-3 (Groundball, 6M)
Top of the 8th over - 0 run(s), 0 hit(s), 0 error(s), 0 left on base; Salem 0 - San Bernardino 0
BOTTOM OF THE 8TH
San Bernardino Grasshoppers batting - Pitching for Salem Misfits : RHP Robert Neal
Now at 2B: Joe Werner
Now at SS: Diego Chacón
Now in LF: José Casarreal
Pinch Hitting: RHB Ron Clark 0-0: Ball
1-0: Foul Ball, location: 2F
1-1: Foul Ball, location: 2F
1-2: Foul Ball, location: 2F
1-2: Ball
2-2: Ball
3-2: Foul Ball, location: 2F
3-2: Fly out, F7 (Flyball, 78M)
Pitching: RHP Sid Brown
Batting: RHB Manny Carbajal 0-0: Ball
1-0: Called Strike
1-1: Swinging Strike
1-2: Strikes out swinging
Pinch Hitting: RHB Sergio García 0-0: Foul Ball, location: 2F
0-1: Ball
1-1: SINGLE (Groundball, 6MD)
Pitching: LHP Lúcio Benítez
Pinch Hitting: RHB Chris Smith 0-0: Ball
1-0: Swinging Strike
1-1: Ball
2-1: Ball
3-1: DOUBLE (Groundball, 5L)
Sergio García to third
Pitching: RHP Gabe Stephenson
Batting: RHB Reggie Kahn 0-0: Called Strike
0-1: Foul Ball, location: 2F
0-2: SINGLE (Line Drive, 4D)
Sergio García scores
Chris Smith to third
Runner from 3rd tries for Home, SAFE, no throw or cutoff
Batting: RHB Shawn Hicks 0-0: SINGLE (Groundball, 6MD)
Reggie Kahn to second
Runner from 2nd tries for 3rd, SAFE, throw made to third
Shawn Hicks to second
Batting: RHB Justin Roberts 0-0: Ball
1-0: Called Strike
1-1: Ball
2-1: Called Strike
2-2: Ball
3-2: Fly out, F9 (Flyball, 89M)
Bottom of the 8th over - 2 run(s), 4 hit(s), 0 error(s), 2 left on base; Salem 0 - San Bernardino 2
TOP OF THE 9TH
Salem Misfits batting - Pitching for San Bernardino Grasshoppers : RHP Anthony Hanover
Now at 1B: Sergio García
Now at 2B: Chris Smith
Now at SS: Ron Clark
Batting: RHB John Townsend 0-0: Ball
1-0: Foul Ball, location: 2F
1-1: Swinging Strike
1-2: Ball
2-2: Strikes out swinging
Batting: SHB Arturo Romero 0-0: Called Strike
0-1: Called Strike
0-2: Ball
1-2: Strikes out swinging
Batting: SHB Alonso Márquez 0-0: Fly out, F6 (Popup, 56D)
Top of the 9th over - 0 run(s), 0 hit(s), 0 error(s), 0 left on base; Salem 0 - San Bernardino 2
This league is powered by Out of the Park Baseball, the baseball management simulation game for PC, Mac and Linux
Saturday, July 25th, 2015 - OOTP Baseball 15.6 Build 34